 Dungeon Crawl Stone Soup version 0.23.2-33-g5129a83184 (webtiles) character file.

Game seed: 16217361569133182615

53 t4s4d4r the Insei (level 3, -2/23 HPs)
             Began as an Octopode Transmuter on July 10, 2019.
             Killed by divine providence
             ... invoked by an orc priest
              (12 damage)
             ... on level 2 of the Dungeon.
             The game lasted 00:02:18 (1391 turns).

t4s4d4r the Insei (Octopode Transmuter)             Turns: 1391, Time: 00:02:19

Health: -2/23      AC:  1    Str:  9    XL:     3   Next: 87%
Magic:  5/6        EV: 13    Int: 16    God:
Gold:   77         SH:  0    Dex: 12    Spells: 3/6 levels left

rFire    . . .     SeeInvis .     - Unarmed
rCold    . . .     Gourm    .   (no shield)
rNeg     . . .     Faith    .   (helmet restricted)
rPois    .         Spirit   .   (no amulet)
rElec    .         Reflect  .   (no ring)
rCorr    .         Harm     .   (no ring)
MR       .....                  (no ring)
Stlth    ++........             (no ring)
HPRegen  0.07/turn              (no ring)
MPRegen  0.10/turn              (no ring)
                                (no ring)
                                (no ring)

@: appendage, lightly drained
A: almost no armour, stealthy swim, amphibious, 8 rings, constrict 8, tentacle
spike 3, camouflage 1, gelatinous body 1
a: End Transformation


You were on level 2 of the Dungeon.
You were not hungry.
One of your tentacles had a temporary spike.
You visited 1 branch of the dungeon, and saw 2 of its levels.

You collected 77 gold pieces.

Inventory:

Missiles
 a - 83 arrows
 e - 68 stones (quivered)
Scrolls
 i - a scroll of fog {unknown}
Potions
 b - a potion of might {unknown}
 d - a potion of haste {unknown}
 f - 2 potions of curing {unknown}
 h - a potion of cancellation {unknown}
Comestibles
 c - 7 rations
 g - 2 chunks of flesh


   Skills:
 - Level 1.0(0.8) Fighting
 - Level 2.0(1.8) Dodging
 + Level 4.7(4.5) Unarmed Combat
 - Level 2.0(1.8) Spellcasting
 - Level 2.0(1.8) Transmutations


You had 3 spell levels left.
You knew the following spells:

 Your Spells              Type           Power        Failure   Level  Hunger
a - Beastly Appendage     Tmut           #.....       10%         1    ##.....
b - Sticks to Snakes      Tmut           #.......     16%         2    ###....

Your spell library contained the following spells:

 Spells                   Type           Power        Failure   Level  Hunger
 Spider Form              Tmut/Pois      #.........   41%         3    ####...
 Ice Form                 Ice/Tmut       #.......     82%         4    #####..
 Blade Hands              Tmut           #.........   95%         5    ######.


Dungeon Overview and Level Annotations

Branches:
Dungeon (2/15)

Altars:


Innate Abilities, Weirdness & Mutations

You cannot wear most types of armour.
You are very stealthy in the water. (Stealth+)
You are amphibious.
You can wear up to eight rings at the same time.
You can use your tentacles to constrict eight enemies at once.
Your skin changes colour to match your surroundings (Stealth+).
Your rubbery body absorbs attacks. (AC +1, EV +1)
One of your tentacles bears a large vicious spike.


Message History

You tentacle-slap the orc. You grab the orc.
The orc is severely wounded.
You constrict the orc. The orc hits you.
You tentacle-slap the orc.
You kill the orc!
No target in view!
The orc priest is too close now for your liking.
An orc priest is nearby!
An orc priest is nearby!
Casting: Beastly Appendage (safe; 10% risk of failure)
Confirm with . or Enter, or press ? or * to list all spells.
One of your tentacles grows a vicious spike.
The orc priest shouts!
The orc priest invokes the aid of Beogh against you.
Beogh smites you!
Ouch! That really hurt!
The orc priest mumbles some strange prayers to Beogh against you.
Beogh smites you!
Ouch! That really hurt!
You die...

#.##.##...### #.##..#...#
#.###.....# #.# ###...# . #.##
##.... ######...# #..# ####.#####
#........### .#.## #.....#
##.##.......# ....## # #<####..#
#......# ..#..##
##.@...[####.(oo%.# ..##..##
###.........##...oo.#
.####..#####...###.....##......##
.............### #.....##.Y....#.
..#>......########.....#######...
..#......<.........o......#####..
..#(......#########....##........
.##.......# #....########.†
########### #...># ##.


You could see an orc priest.

Vanquished Creatures
  An orc wizard (D:2)
  An adder (D:2)
  2 orcs
  4 bats
  2 hobgoblins
  A quokka (D:2)
  A frilled lizard (D:2)
  3 goblins
  A kobold (D:2)
  4 rats
20 creatures vanquished.

Notes
Turn   | Place    | Note
-------+----------+-------------------------------------------
     0 | D:1      | t4s4d4r the Octopode Transmuter began the quest for the
                  | Orb.
     0 | D:1      | Reached XP level 1. HP: 13/13 MP: 3/3
   500 | D:1      | Reached XP level 2. HP: 12/18 MP: 5/5
   723 | D:2      | Noticed a sky beast
   748 | D:1      | Learned a level 2 spell: Sticks to Snakes
   970 | D:2      | Reached skill level 4 in Unarmed Combat
  1188 | D:2      | Reached XP level 3. HP: 21/23 MP: 6/6
  1391 | D:2      | Killed from afar by an orc priest

Skill      XL: |  1  2 |
---------------+-------+-----
Unarmed Combat | 4 |  4.7
Fighting       | |  1.0
Dodging        | |  2.0
Spellcasting   | |  2.0
Transmutations | |  2.0

Action                   || total
-------------------------++-------
Melee: Unarmed           ||    50
       Constrict         ||    16
       Tentacles         ||     8
       Kick              ||     1
 Cast: Beastly Appendage ||     2
       Sticks to Snakes  ||     1
 Stab: Sleeping          ||     4
  Eat: Chunk             ||     2
Armor: Skin              ||     5
Dodge: Dodged            ||    29
